 Dungeon Crawl Stone Soup version 0.25-a0-576-g50b708a4c4 (webtiles) character file.

Game seed: 5734083075191905017, levelgen mode: deterministic

175 Flugslaktarn the Chopper (level 5, -3/49 HPs)
             Began as a Deep Dwarf Fighter on Mar 1, 2020.
             Killed by divine providence
             ... invoked by an orc priest
              (12 damage)
             ... on level 4 of the Dungeon.
             The game lasted 00:00:56 (743 turns).

Flugslaktarn the Chopper (Deep Dwarf Fighter)        Turns: 743, Time: 00:00:56

Health: -3/49      AC:  7    Str: 21    XL:     5   Next: 29%
Magic:  5/5        EV:  7    Int:  8    God:
Gold:   40         SH:  9    Dex: 12    Spells: 4/4 levels left

rFire    . . .     SeeInvis .   a - +0 war axe
rCold    . . .     Gourm    .   c - +0 kite shield
rNeg     . . .     Faith    .   b - +0 scale mail
rPois    .         Spirit   .   (no helmet)
rElec    .         Reflect  .   (no cloak)
rCorr    .         Harm     .   (no gloves)
MR       .....                  (no boots)
Stlth    ..........             (no amulet)
HPRegen  0.00/turn              (no ring)
MPRegen  0.09/turn              (no ring)

@: non-regenerating
A: damage resistance, heal wounds, sense surroundings 1, no regeneration
a: Heal Wounds


You were on level 4 of the Dungeon.
You were not hungry.

You visited 1 branch of the dungeon, and saw 4 of its levels.

You collected 40 gold pieces.

Inventory:

Hand Weapons
 a - a +0 war axe (weapon)
Missiles
 i - 2 throwing nets (quivered)
Armour
 b - a +0 scale mail (worn)
 c - a +0 kite shield (worn)
Jewellery
 l - an uncursed ring of stealth
   (You found it on level 3 of the Dungeon)
 p - an uncursed ring of fire
   (You found it on level 3 of the Dungeon)
Scrolls
 g - a scroll of teleportation {unknown}
Potions
 d - a potion of might
 k - a potion of brilliance
 n - a potion of mutation
 o - a potion of flight {unknown}
Comestibles
 e - 4 rations
 f - 4 chunks of flesh


   Skills:
 + Level 3.4 Fighting
 * Level 4.2 Axes
 + Level 4.1 Armour
 + Level 4.1 Shields


You had 4 spell levels left.
You didn't know any spells.
Your spell library was empty.

Dungeon Overview and Level Annotations

Branches:
Dungeon (4/15)
 Temple: D:4-7

Altars:
Trog


Innate Abilities, Weirdness & Mutations

You are resistant to damage.
You can heal yourself by infusing magical energy.
You passively map a small area around you.
You do not regenerate.


Message History

You kill the orc wizard!
The orc priest mumbles some strange prayers to Beogh against you.
Beogh smites you!
* * * LOW HITPOINT WARNING * * *
The orc priest hits you with a +0 short sword.
You're too confused!
The orc priest hits you with a +0 short sword.
* * * LOW HITPOINT WARNING * * *
Found 7 stones.
You're too confused!
You're too confused!
You slash the orc priest!
The orc priest is severely wounded.
You feel less confused.
The orc priest hits you but does no damage.
You barely miss the orc priest.
The orc priest is severely wounded.
The orc priest mumbles some strange prayers to Beogh against you.
Beogh smites you!
You die...

, , .....#*#........## ,
......##....#..... ,
............#.#.#. , ,
(#########.....#####.#.#.
,
,....................>....
..........#....##.##.....
,..........#.........#.##.
, ..........#.........#..
.
..!.....@.#...........#.#
, ,
........o.#####.....#.#, ,
,.#####...)..........#.#
*, * #...)...#......# . ,
, #......###.#.###### # ,
........ #.#.. , * *
#.......##.#..., ,, ,* *
#.....<....#....,, *
.......#...#.....


You could see an orc priest.

Vanquished Creatures
  2 orc wizards
  4 gnolls (D:2)
  4 adders
  2 worms (D:3)
  7 orcs
  3 bats
  3 giant cockroaches
  2 goblins (D:3)
  2 hobgoblins
  A quokka (D:2)
  3 frilled lizards
  3 kobolds
  5 rats
41 creatures vanquished.

Notes
Turn   | Place    | Note
-------+----------+-------------------------------------------
     0 | D:1      | Flugslaktarn the Deep Dwarf Fighter began the quest for the
                  | Orb.
     0 | D:1      | Reached XP level 1. HP: 20/20 MP: 1/1
   158 | D:2      | Reached XP level 2. HP: 24/27 MP: 2/2
   171 | D:2      | Reached XP level 3. HP: 19/34 MP: 3/3
   312 | D:3      | Reached XP level 4. HP: 33/42 MP: 4/4
   388 | D:3      | Found a bloodstained altar of Trog.
   606 | D:3      | Reached XP level 5. HP: 46/49 MP: 5/5
   743 | D:4      | Killed from afar by an orc priest

Levels and vault maps discovered:
D:1:      beargit_arrival_greenhouse, layout_loops_ring, due_unseen_surprise
D:2:      layout_loops_ring, lemuel_crystal_altar
D:3:      minmay_inner_zag, layout_basic, first_ration, trog_book
D:4:      layout_basic, minmay_temple_entry_ruins, serial_shops, shop

Skill      XL: |  1  2  3  4 |
---------------+-------------+-----
Fighting       | 3 |  3.4
Axes           | 3 4 |  4.2
Armour         | 4 |  4.1
Shields        | 4 |  4.1

Action                   |  1- 3 |  4- 6 || total
-------------------------+-------+-------++-------
Melee: War axe           |    69 |   102 ||   171
 Abil: Heal Wounds       |     2 |     1 ||     3
  Use: Scroll            |       |     4 ||     4
 Stab: Distracted        |     1 |       ||     1
Armor: Scale mail        |    36 |    66 ||   102
Dodge: Dodged            |    20 |    44 ||    64
Block: Kite shield       |    39 |    53 ||    92

Table legend:
 A = Non-vault XP
 B = Vault XP
 C = Vault XP percentage of total XP
 D = Non-vault monster count
 E = Vault monster count
 F = Vault count percentage of total count
                 A         B        C        D         E       F
            +---------+---------+-------+---------+---------+-------
      Total |     211 |      39 |  15.6 |      33 |       8 |  19.5
            +---------+---------+-------+---------+---------+-------
        D:1 |      11 |       0 |   0.0 |       8 |       0 |   0.0
        D:2 |      78 |       0 |   0.0 |       9 |       0 |   0.0
        D:3 |      80 |      39 |  32.8 |      13 |       8 |  38.1
        D:4 |      42 |       0 |   0.0 |       3 |       0 |   0.0
            +---------+---------+-------+---------+---------+-------
